 Dungeon Crawl Stone Soup version 0.31-a0-267-g3fc6992b3b (webtiles) character file.

Game seed: 14032967394998968110

21 qw the Shooter (level 2, -8/24 HPs)
             Began as a Minotaur Hexslinger on July 13, 2023.
             Killed from afar by Sigmund (10 damage)
             ... with a magic dart
             ... on level 2 of the Dungeon.
             The game lasted 00:00:17 (484 turns).

qw the Shooter (Minotaur Hexslinger)                 Turns: 484, Time: 00:00:18

Health: -8/24      AC:  2    Str: 12    XL:     2   Next: 65%
Magic:  2/2        EV: 12    Int: 10    God:
Gold:   93         SH:  0    Dex: 12    Spells: 2/3 levels left

rFire   . . .        Y - +1 sling
rCold   . . .        (no shield)
rNeg    . . .        c - +0 robe
rPois   .            (helmet restricted)
rElec   .            (no cloak)
rCorr   .            (no gloves)
SInv    .            (no boots)
Will    .....        (no amulet)
Stlth   +            (no ring)
HPRegen 0.24/turn    (no ring)
MPRegen 0.08/turn

%: no passive effects
@: confused
A: horns 2, retaliatory headbutt
a: no special abilities


You were on level 2 of the Dungeon.
You visited 1 branch of the dungeon, and saw 2 of its levels.

You collected 93 gold pieces.


Innate Abilities, Weirdness & Mutations

You have a pair of horns on your head.
You reflexively headbutt those who attack you in melee.


   Skills:
 - Level 2.0 Fighting
 + Level 3.3 Ranged Weapons
 - Level 2.1 Dodging
 - Level 1.0 Spellcasting
 - Level 2.0 Hexes


You had 2 spell levels left.
You knew the following spells:

 Your Spells              Type           Power      Damage    Failure   Level
a - Slow                  Hex            16%        N/A       16%         1

Your spell library contained the following spells:

 Spells                   Type           Power      Damage    Failure   Level
 Inner Flame              Hex/Fire       2%         N/A       56%         3
 Portal Projectile        Hex/Tloc       4%         N/A       56%         3
 Cause Fear               Hex            2%         N/A       83%         4

Inventory:

Hand Weapons
 Y - a +1 sling (weapon)
Armour
 c - a +0 robe (worn)
Jewellery
 j - a ring of ice
Scrolls
 e - a scroll of identify
Potions
 g - a potion of mutation {unknown}
 k - a potion of curing {unknown}
 m - a potion of heal wounds {unknown}

Dungeon Overview and Level Annotations

Branches:
Dungeon (2/15)

Altars:

Annotations:
D:2 Sigmund


Message History

What level of the Dungeon? (default 1, ? - help)
You see here a hobgoblin skeleton.
You swap places.
Your butterfly disappears in a burst of colours! x2
There is a stone staircase leading down here.
You climb downwards.
Your summoned ally is left behind.
Found a robe.
There is a stone staircase leading up here.
Waypoint 1 assigned to D:2.
Sigmund the Dreaded comes into view.
He is wielding a +0 scythe.
Sigmund shouts!
You hear a shout!
You shoot a sling bullet.
The sling bullet hits Sigmund but does no damage.
A hobgoblin comes into view.
You shoot a sling bullet. The sling bullet hits Sigmund.
Sigmund is lightly wounded.
Sigmund hits you from afar with a +0 scythe.
You shoot a sling bullet. The sling bullet hits Sigmund.
Sigmund is heavily wounded.
Sigmund barely misses you.
You shoot a sling bullet. The sling bullet barely misses Sigmund.
You shoot a sling bullet.
The sling bullet hits Sigmund but does no damage.
Sigmund is heavily wounded.
Sigmund screams, "Don't try to resist!"
Sigmund closely misses you.
You shoot a sling bullet. The sling bullet barely misses Sigmund.
Sigmund hits you from afar with a +0 scythe!
You shoot a sling bullet.
The sling bullet closely misses Sigmund.
Sigmund gestures at you while chanting.
You are confused.
Sigmund screams, "I am the angel of ZOT!!!"
Sigmund closely misses you.
Sigmund hits you from afar with a +0 scythe!
Sigmund casts a spell at you. You resist with significant effort.
Sigmund gestures at you while chanting. The magic dart hits you!
You die...

.# ### #.# ..# #.#
#.# #.##### .. #.#
#.....# #
....###.###.....#[##
#.................
#####@#.......#
....g@..##...<..#
....#######.##### ##
#.# #.# #+#


You could see Sigmund and a hobgoblin.

Vanquished Creatures
  2 endoplasms (D:1)
  A giant cockroach (D:1)
  2 goblins (D:1)
  5 hobgoblins (D:1)
  2 kobolds (D:1)
  A ball python (D:1)
  A bat (D:1)
  2 frilled lizards (D:1)
  4 rats (D:1)
20 creatures vanquished.

Notes
Turn   | Place    | Note
-------+----------+-------------------------------------------
     0 | D:1      | qw the Minotaur Hexslinger began the quest for the Orb.
     0 | D:1      | Reached XP level 1. HP: 16/16 MP: 1/1
     0 | D:1      | 0 ||| qw: Version: 0.3-a-52-g30416fa
     0 | D:1      | 0 ||| qw: Game counter: 7671
     0 | D:1      | 0 ||| qw: Melee chars always use a shield: true
     0 | D:1      | 0 ||| qw: God list: Okawaru
     0 | D:1      | 0 ||| qw: Allow faded altars: false
     0 | D:1      | 0 ||| qw: Do Orc after clearing Dungeon:15 true
     0 | D:1      | 0 ||| qw: Do second Lair branch before Depths: true
     0 | D:1      | 0 ||| qw: Lair rune preference: random
     0 | D:1      | 0 ||| qw: Goals: Normal
     0 | D:1      | 0 ||| PLANNING D:1-11
   145 | D:1      | Reached skill level 3 in Ranged Weapons
   145 | D:1      | Reached XP level 2. HP: 23/23 MP: 2/2
   376 | D:1      | Found a faded altar of an unknown god.
   435 | D:1      | 435 ||| READING 2 scrolls labelled IWUNOUNUUK.
   436 | D:1      | 436 ||| READING 2 scrolls labelled CUOKKE OSERAHE.
   437 | D:1      | 437 ||| READING scroll labelled YLEGGI KOVYQ.
   438 | D:1      | 438 ||| READING scroll labelled ZITEYDD ZOILAB.
   439 | D:1      | 439 ||| READING scroll labelled SUATUR XASH.
   440 | D:1      | 440 ||| READING scroll labelled SAROAL QOCINUO.
   444 | D:1      | 444 ||| READING scroll labelled GICUP TEDYSMO.
   445 | D:1      | 445 ||| DROPPING scroll of fear.
   446 | D:1      | 446 ||| DROPPING scroll of poison.
   472 | D:2      | Noticed Sigmund
   481 | D:2      | HP: 1/24 [Sigmund/+0 scythe (11)]
   484 | D:2      | Killed from afar by Sigmund

Levels and vault maps discovered:
D:1:      lightli_arrival_noodles, layout_rooms,
          hellmonk_ecumenical_altar_heavens_door
D:2:      layout_loops_corners, uniq_natasha, uniq_sigmund

Skill      XL: |  1  2 |
---------------+-------+-----
Ranged Weapons | 3 |  3.3
Fighting       | 2 |  2.0
Dodging        | |  2.1
Spellcasting   | |  1.0
Hexes          | |  2.0

Action                     || total
---------------------------++-------
   Fire: Sling             ||    61
    Use: Scroll            ||     7
 Armour: Robe              ||     5
  Dodge: Dodged            ||    12

Table legend:
 A = Non-vault XP
 B = Vault XP
 C = Vault XP percentage of total XP
 D = Non-vault monster count
 E = Vault monster count
 F = Vault count percentage of total count
                 A         B        C        D         E       F
            +---------+---------+-------+---------+---------+-------
      Total |      31 |       0 |   0.0 |      20 |       0 |   0.0
            +---------+---------+-------+---------+---------+-------
        D:1 |      31 |       0 |   0.0 |      20 |       0 |   0.0
            +---------+---------+-------+---------+---------+-------
